A- WEST
LAKE ELSINORE STORM @ LANCASTER JETHAWKS
05/23/2042
 
TOP OF THE 1ST
Lake Elsinore Storm batting - Pitching for Lancaster Jethawks : RHP Víctor Cabrera
Pitching: RHP Víctor Cabrera
Batting: RHB Álex Herrera 0-0: Foul Ball, location: 2F
0-1: Called Strike
0-2: Ball
1-2: Strikes out swinging
Batting: SHB Jim Blackwell 0-0: Fly out, F8 (Line Drive, 78M, EV 92.5 MPH)
Batting: LHB Rory Lowe 0-0: Ball
1-0: Ball
2-0: Called Strike
2-1: Ground out 4-3 (Groundball, 4, EV 77.5 MPH)
Top of the 1st over - 0 runs, 0 hits, 0 errors, 0 left on base; Lake Elsinore 0 - Lancaster 0
BOTTOM OF THE 1ST
Lancaster Jethawks batting - Pitching for Lake Elsinore Storm : RHP Wes Price
Pitching: RHP Wes Price
Batting: LHB Quentin Jacobs 0-0: Ball
1-0: Foul Ball, location: 2F
1-1: Foul Ball, location: 5FF
1-2: Ground out 6-3 (Groundball, 6, EV 78.1 MPH)
Batting: RHB Pat Haynes 0-0: Called Strike
0-1: Ball
1-1: Swinging Strike
1-2: Ball
2-2: Foul Ball, location: 7LSF
2-2: Strikes out swinging
Batting: LHB Monte Moore 0-0: SINGLE (Line Drive, 9S, EV 103.1 MPH)
Batting: LHB Lou Garrett 0-0: Ball
1-0: Called Strike
1-1: Ball
Monte Moore steals 2nd base
2-1: Ground out 6-3 (Groundball, 6, EV 83.8 MPH)
Bottom of the 1st over - 0 runs, 1 hit, 0 errors, 1 left on base; Lake Elsinore 0 - Lancaster 0
TOP OF THE 2ND
Lake Elsinore Storm batting - Pitching for Lancaster Jethawks : RHP Víctor Cabrera
Batting: RHB Bob Parks 0-0: Called Strike
0-1: Fly out, F9 (Flyball, 9D, EV 98.1 MPH)
Batting: LHB Greg Moran 0-0: Ball
1-0: Ball
2-0: Called Strike
2-1: Foul Ball, location: 3F
2-2: Ground out U3 (Groundball, 3L, EV 78.8 MPH)
Batting: RHB Randy Lang 0-0: Called Strike
0-1: SINGLE (Groundball, 4MD, EV 104.4 MPH)
Batting: RHB Chris Clark 0-0: Ball
1-0: Fly out, F9 (Flyball, 9D, EV 107.5 MPH)
Top of the 2nd over - 0 runs, 1 hit, 0 errors, 1 left on base; Lake Elsinore 0 - Lancaster 0
BOTTOM OF THE 2ND
Lancaster Jethawks batting - Pitching for Lake Elsinore Storm : RHP Wes Price
Batting: RHB Jeremy Scott 0-0: Fly out, F8 (Flyball, 8LXD, EV 109.4 MPH)
Batting: SHB Jorge Sánchez 0-0: Ball
1-0: Ball
2-0: Ball
3-0: Called Strike
3-1: Swinging Strike
3-2: Foul Ball, location: 5FF
3-2: Foul Ball, location: 3FF
3-2: Strikes out swinging
Batting: SHB Jesús Coronado 0-0: Called Strike
0-1: Called Strike
0-2: Fly out, F6 (Line Drive, 6, EV 71.9 MPH)
Bottom of the 2nd over - 0 runs, 0 hits, 0 errors, 0 left on base; Lake Elsinore 0 - Lancaster 0
TOP OF THE 3RD
Lake Elsinore Storm batting - Pitching for Lancaster Jethawks : RHP Víctor Cabrera
Batting: SHB Ken Chapman 0-0: Ball
1-0: Ball
2-0: Ball
3-0: Base on Balls
Batting: RHB Arturo Gonzáles 0-0: Sac Bunt to 5S - play at first, batter OUT! 5-3
Ken Chapman to second
Batting: RHB Álex Herrera 0-0: Fly out, F7 (Line Drive, 78M, EV 109.4 MPH)
Batting: SHB Jim Blackwell 0-0: Ball
1-0: SINGLE (Groundball, 56D, EV 95.0 MPH)
Ken Chapman to third
Runner from 3rd tries for Home, SAFE, throw by LF to home
Batting: LHB Rory Lowe 0-0: Ball
1-0: Fly out, F6 (Popup, 6, EV 66.9 MPH)
Top of the 3rd over - 1 run, 1 hit, 0 errors, 1 left on base; Lake Elsinore 1 - Lancaster 0
BOTTOM OF THE 3RD
Lancaster Jethawks batting - Pitching for Lake Elsinore Storm : RHP Wes Price
Batting: RHB Chet Goode 0-0: Ball
1-0: Foul Ball, location: 9LSF
1-1: Called Strike
1-2: Ball
2-2: Ball
3-2: SOLO HOME RUN (Flyball, 89XD, EV 109.4 MPH), Distance : 400 ft
Batting: RHB António Alcarcallo 0-0: Ball
1-0: Called Strike
1-1: Foul Ball, location: 9LSF
1-2: Strikes out swinging
Batting: LHB Quentin Jacobs 0-0: Ball
1-0: Ball
2-0: Called Strike
2-1: Fly out, F8 (Line Drive, 89M, EV 103.8 MPH)
Batting: RHB Pat Haynes 0-0: Ball
1-0: Ball
2-0: Ball
3-0: Called Strike
3-1: Ground out 4-3 (Groundball, 34, EV 107.5 MPH)
Bottom of the 3rd over - 1 run, 1 hit, 0 errors, 0 left on base; Lake Elsinore 1 - Lancaster 1
TOP OF THE 4TH
Lake Elsinore Storm batting - Pitching for Lancaster Jethawks : RHP Víctor Cabrera
Batting: RHB Bob Parks 0-0: Ball
1-0: Swinging Strike
1-1: Foul Ball, location: 23FF
1-2: Fly out, F9 (Flyball, 9LMF, EV 92.5 MPH)
Batting: LHB Greg Moran 0-0: Foul Ball, location: 3F
0-1: Foul Ball, location: 7LDF
0-2: SINGLE (Line Drive, 78M, EV 85.0 MPH)
Batting: RHB Randy Lang 0-0: Ball
1-0: Ball
2-0: Ball
3-0: Called Strike
3-1: DOUBLE (Line Drive, 78M, EV 105.0 MPH)
Greg Moran to third
Batting: RHB Chris Clark 0-0: Ball
1-0: Fly out, F4 (Popup, 4, EV 73.8 MPH)
Batting: SHB Ken Chapman 0-0: Called Strike
0-1: Ball
1-1: Ball
2-1: Foul Ball, location: 7LMF
2-2: Ball
3-2: SINGLE (Groundball, 4MS, EV 66.9 MPH) (infield hit)
Greg Moran scores
Randy Lang to third
Batting: RHB Arturo Gonzáles 0-0: Swinging Strike
0-1: Foul Ball, location: 2F
0-2: Ball
1-2: Ball
2-2: Strikes out swinging
Top of the 4th over - 1 run, 3 hits, 0 errors, 2 left on base; Lake Elsinore 2 - Lancaster 1
BOTTOM OF THE 4TH
Lancaster Jethawks batting - Pitching for Lake Elsinore Storm : RHP Wes Price
Batting: LHB Monte Moore 0-0: Ball
1-0: Called Strike
1-1: SINGLE (Line Drive, 4D, EV 104.4 MPH)
Batting: LHB Lou Garrett 0-0: Swinging Strike
0-1: Sac Bunt to 3S - play at first, batter OUT! 3-1
Monte Moore to second
Batting: RHB Jeremy Scott 0-0: Foul Ball, location: 25FF
0-1: Ball
1-1: Called Strike
1-2: Ball
2-2: Ball
3-2: Ground out 6-3 (Groundball, 6, EV 83.8 MPH)
Monte Moore to third
Batting: SHB Jorge Sánchez 0-0: Swinging Strike
0-1: SINGLE (Flyball, 8LS, EV 91.9 MPH)
Monte Moore scores
Batting: SHB Jesús Coronado 0-0: Foul Ball, location: 3F
0-1: SINGLE (Groundball, 6MD, EV 104.4 MPH)
Jorge Sánchez to second
Batting: RHB Chet Goode 0-0: Called Strike
0-1: Ball
1-1: Swinging Strike
1-2: Ball
2-2: Ball
3-2: Foul Ball, location: 2F
3-2: Foul Ball, location: 3F
3-2: Base on Balls
Jorge Sánchez to third
Jesús Coronado to second
Batting: RHB António Alcarcallo 0-0: Ball
1-0: Ball
2-0: Ground out 3-1 (Groundball, 34, EV 93.8 MPH)
Bottom of the 4th over - 1 run, 3 hits, 0 errors, 3 left on base; Lake Elsinore 2 - Lancaster 2
TOP OF THE 5TH
Lake Elsinore Storm batting - Pitching for Lancaster Jethawks : RHP Víctor Cabrera
Batting: RHB Álex Herrera 0-0: Ball
1-0: Called Strike
1-1: Swinging Strike
1-2: Strikes out swinging
Batting: SHB Jim Blackwell 0-0: Ball
1-0: Swinging Strike
1-1: Foul Ball, location: 7LDF
1-2: Ball
2-2: Foul Ball, location: 23F
2-2: Ball
3-2: SINGLE (Line Drive, 7S, EV 88.1 MPH)
Batting: LHB Rory Lowe 0-0: Grounds into double play, 5-4-3 (Groundball, 56, EV 83.1 MPH)
Top of the 5th over - 0 runs, 1 hit, 0 errors, 0 left on base; Lake Elsinore 2 - Lancaster 2
BOTTOM OF THE 5TH
Lancaster Jethawks batting - Pitching for Lake Elsinore Storm : RHP Wes Price
Batting: LHB Quentin Jacobs 0-0: Ball
1-0: Foul Ball, location: 3SF
1-1: Swinging Strike
1-2: Ball
2-2: Ball
3-2: Base on Balls
Batting: RHB Pat Haynes 0-0: Ball
Quentin Jacobs steals 2nd base
1-0: Foul Ball, location: 9LMF
1-1: Sac Bunt to 25 - play at first, batter OUT! 5-3
Quentin Jacobs to third
Batting: LHB Monte Moore 0-0: Called Strike
0-1: Ball
1-1: Ball
2-1: Swinging Strike
2-2: Strikes out swinging
Batting: LHB Lou Garrett 0-0: Ball
1-0: Ball
2-0: Ground out 6-3 (Groundball, 6S, EV 90.0 MPH)
Bottom of the 5th over - 0 runs, 0 hits, 0 errors, 1 left on base; Lake Elsinore 2 - Lancaster 2
TOP OF THE 6TH
Lake Elsinore Storm batting - Pitching for Lancaster Jethawks : RHP Víctor Cabrera
Batting: RHB Bob Parks 0-0: Ball
1-0: Called Strike
1-1: Ball
2-1: Ball
3-1: Base on Balls
Batting: LHB Greg Moran 0-0: Foul Ball, location: 5FF
0-1: Ball
1-1: Ball
2-1: Ball
Bob Parks steals 2nd base
3-1: Foul Ball, location: 5SF
3-2: Foul Ball, location: 2F
3-2: Base on Balls
Pitching: RHP Dani Salazar
Batting: RHB Randy Lang 0-0: Ball
1-0: Sac Bunt to 13 - play at first, batter OUT! 1-4
Bob Parks to third
Greg Moran to second
Pinch Hitting: LHB Claude Wagner 0-0: Called Strike
0-1: Fly out, F7 (Flyball, 78M, EV 93.1 MPH)
Runner from 3rd tags up, OUT at HOME! 7-2
Top of the 6th over - 0 runs, 0 hits, 0 errors, 1 left on base; Lake Elsinore 2 - Lancaster 2
BOTTOM OF THE 6TH
Lancaster Jethawks batting - Pitching for Lake Elsinore Storm : RHP Wes Price
Now at SS: Ben Mahle
Batting: RHB Jeremy Scott 0-0: Ball
1-0: Ball
2-0: Called Strike
2-1: SINGLE (Flyball, 89S, EV 84.4 MPH)
Batting: SHB Jorge Sánchez 0-0: Sac Bunt to 3S - play at first, batter OUT! 3-1
Jeremy Scott to second
Batting: SHB Jesús Coronado 0-0: Intentional Walk
Batting: RHB Chet Goode 0-0: Ball
1-0: Foul Ball, location: 2F
1-1: Called Strike
1-2: Grounds into double play, 4-6-3 (Groundball, 4, EV 102.5 MPH)
Bottom of the 6th over - 0 runs, 1 hit, 0 errors, 1 left on base; Lake Elsinore 2 - Lancaster 2
TOP OF THE 7TH
Lake Elsinore Storm batting - Pitching for Lancaster Jethawks : RHP Dani Salazar
Pinch Hitting: RHB Bo Sanders 0-0: Swinging Strike
0-1: Swinging Strike
0-2: Strikes out swinging, 2-3 out at first.
Batting: RHB Arturo Gonzáles 0-0: Ball
1-0: Called Strike
1-1: Swinging Strike
1-2: Strikes out looking
Pinch Hitting: LHB Juan Fernández 0-0: Swinging Strike
0-1: Swinging Strike
0-2: Foul Ball, location: 2F
0-2: Foul Ball, location: 25F
0-2: Fly out, F7 (Flyball, 78M, EV 110.0 MPH)
Top of the 7th over - 0 runs, 0 hits, 0 errors, 0 left on base; Lake Elsinore 2 - Lancaster 2
BOTTOM OF THE 7TH
Lancaster Jethawks batting - Pitching for Lake Elsinore Storm : RHP Wes Price
Pitching: RHP Héctor Moreno
Now at 3B: Juan Fernández
Now in CF: Mike Black
Batting: RHB António Alcarcallo 0-0: Called Strike
0-1: Foul Ball, location: 25F
0-2: SINGLE (Groundball, 4MD, EV 101.9 MPH)
Batting: LHB Quentin Jacobs 0-0: Ball
1-0: Ball
2-0: Swinging Strike
2-1: Called Strike
2-2: Ball
3-2: Base on Balls
António Alcarcallo to second
Batting: RHB Ben Robinson 0-0: Foul Ball, location: 2F
0-1: Bunted foul
0-2: Ball
1-2: Strikes out swinging
Batting: LHB Monte Moore 0-0: Ball
1-0: Ball
2-0: Ball
3-0: Base on Balls
António Alcarcallo to third
Quentin Jacobs to second
Batting: LHB Lou Garrett 0-0: Foul Ball, location: 3FF
0-1: Foul Ball, location: 2F
0-2: Ball
1-2: Ball
2-2: Strikes out swinging
Batting: RHB Jeremy Scott 0-0: Called Strike
0-1: Swinging Strike
0-2: Ball
Wild Pitch!
António Alcarcallo scores
Quentin Jacobs to third
Monte Moore to second
1-2: Foul Ball, location: 5FF
1-2: Ball
2-2: Foul Ball, location: 3SF
2-2: Ball
3-2: Strikes out looking
Bottom of the 7th over - 1 run, 1 hit, 0 errors, 2 left on base; Lake Elsinore 2 - Lancaster 3
TOP OF THE 8TH
Lake Elsinore Storm batting - Pitching for Lancaster Jethawks : RHP Dani Salazar
Batting: SHB Jim Blackwell 0-0: Called Strike
0-1: Ball
1-1: Foul Ball, location: 7LSFF
1-2: Foul Ball, location: 3F
1-2: Ground out 4-3 (Groundball, 4, EV 83.1 MPH)
Batting: LHB Rory Lowe 0-0: Ball
1-0: Called Strike
1-1: Ball
2-1: Foul Ball, location: 7LSF
2-2: Ball
3-2: Strikes out swinging
Batting: RHB Bob Parks 0-0: Fly out, F9 (Flyball, 89S, EV 87.5 MPH)
Top of the 8th over - 0 runs, 0 hits, 0 errors, 0 left on base; Lake Elsinore 2 - Lancaster 3
BOTTOM OF THE 8TH
Lancaster Jethawks batting - Pitching for Lake Elsinore Storm : RHP Héctor Moreno
Batting: SHB Jorge Sánchez 0-0: Ball
1-0: Fly out, F8 (Flyball, 8RS, EV 80.6 MPH)
Batting: SHB Jesús Coronado 0-0: Ball
1-0: Called Strike
1-1: Ground out 5-3 (Groundball, 56S, EV 81.9 MPH)
Batting: RHB Chet Goode 0-0: Called Strike
0-1: Ball
1-1: Ground out 1-3 (Groundball, 15S, EV 66.3 MPH)
Bottom of the 8th over - 0 runs, 0 hits, 0 errors, 0 left on base; Lake Elsinore 2 - Lancaster 3
TOP OF THE 9TH
Lake Elsinore Storm batting - Pitching for Lancaster Jethawks : RHP Dani Salazar
Pitching: RHP Jorge Guevara
Now at 1B: Benny Carl
Batting: LHB Greg Moran 0-0: Called Strike
0-1: Called Strike
0-2: Ball
1-2: Fly out, F7 (Flyball, 78S, EV 91.3 MPH)
Batting: RHB Randy Lang 0-0: Ball
1-0: SINGLE (Groundball, 34D, EV 103.1 MPH)
Pinch Hitting: LHB Tony Meléndez 0-0: Called Strike
0-1: Called Strike
0-2: Foul Ball, location: 2F
0-2: Foul Ball, location: 7LSF
0-2: Foul Ball, location: 7LDF
0-2: Ball
1-2: Strikes out swinging
Batting: RHB Mike Black 0-0: Called Strike
0-1: Ball
1-1: Swinging Strike
1-2: Ground out 4-3 (Groundball, 4, EV 83.8 MPH)
Top of the 9th over - 0 runs, 1 hit, 0 errors, 1 left on base; Lake Elsinore 2 - Lancaster 3
Wednesday, May 1st , 2024 - OOTP Baseball 24.10 Build 82